 Dungeon Crawl Stone Soup version 0.19.1 (webtiles) character file.

21604 Ijustatesigmund the Fighter (level 12, -15/117 HPs)
             Began as a Minotaur Monk on Nov 28, 2016.
             Was an Elder of Ashenzari.
             Killed from afar by a tengu reaver (23 damage)
             ... with a bolt of lightning
             ... on level 13 of the Dungeon.
             The game lasted 00:30:47 (11795 turns).

Ijustatesigmund the Fighter (Minotaur Monk)        Turns: 11795, Time: 00:30:48

Health: -15/117    AC: 16    Str: 19    XL:     12   Next: 55%
Magic:  11/11      EV:  7    Int:  7    God:    Ashenzari [****..]
Gold:   197        SH: 21    Dex: 20    Spells: 0 memorised, 11 levels left

rFire  + . .     SeeInvis +     s - +5 war axe
rCold  + + .     Gourm    .     P - +1 chain mail {rC+}
rNeg   + . .     Faith    .     O - +2 large shield (curse)
rPois  +         Spirit   .     (helmet restricted)
rElec  .         Reflect  .     M - +1 cloak (curse)
rCorr  .         Harm     .     m - +0 pair of gloves
MR     .....     Clarity  +     J - -4 pair of boots of the Planets {-Cast rN+ Regen+} (curse)
Stlth  .......... NoCast   +    (no amulet)
                                y - ring "Puinie" {rPois rF+ rC+ Str+3 Dex+2} (curse)
                                G - +2 ring of protection

@: invisible
A: retaliatory headbutt, horns 2
a: Curse Item, Scrying, Renounce Religion


You were on level 13 of the Dungeon.
You worshipped Ashenzari.
Ashenzari was greatly pleased with you.
You were hungry.

You visited 2 branches of the dungeon, and saw 14 of its levels.

You collected 844 gold pieces.
You spent 647 gold pieces at shops.

Inventory:

Hand Weapons
 a - a +0 hand axe
 o - a cursed +3 war axe of freezing
 s - a +5 war axe (weapon)
 A - a +4 vampiric hand axe
 Q - a +2 war axe of electrocution
Missiles
 t - 12 javelins (quivered)
Armour
 m - a +0 pair of gloves (worn)
 J - the cursed -4 pair of boots of the Planets (worn) {-Cast rN+ Regen+}
   (You bought it in a shop on level 7 of the Dungeon)

   It protects you from negative energy.
   It prevents spellcasting.
   It increases your rate of regeneration.
   It has a curse placed upon it.
 M - a cursed +1 cloak (worn)
 O - a cursed +2 large shield (worn)
 P - a +1 chain mail of cold resistance (worn)
 W - the +3 leather armour of Time Monsters {Int+2}
   (You found it on level 13 of the Dungeon)

   It affects your intelligence (+2).
Jewellery
 f - an uncursed amulet of guardian spirit
 l - an uncursed ring of flight
 y - the cursed ring "Puinie" (right hand) {rPois rF+ rC+ Str+3 Dex+2}
   (You bought it in a shop on level 6 of the Dungeon)

   [ring of protection from cold]

   It affects your strength (+3).
   It affects your dexterity (+2).
   It protects you from fire.
   It protects you from cold.
   It protects you from poison.
   It has a curse placed upon it.
 G - a +2 ring of protection (left hand)
 R - an uncursed amulet of faith
Wands
 j - a wand of slowing (23/48)
 C - a wand of random effects (23/48)
 D - a wand of slowing (39/48)
 E - a wand of polymorph (12/24)
 I - a wand of slowing (33/48)
 V - a wand of confusion (28/48)
 Y - a wand of slowing (46/48)
Scrolls
 e - 4 scrolls of fog
 u - a scroll of enchant armour
 w - a scroll of teleportation
 B - 4 scrolls of identify
 H - a scroll of remove curse
 L - a scroll of amnesia
 N - 3 scrolls of magic mapping
 U - a scroll of recharging
 Z - a scroll of blinking {unknown}
Potions
 b - 8 potions of curing
 d - 4 potions of flight
 h - a potion of invisibility
 k - a potion of ambrosia
 q - a potion of berserk rage
 r - a potion of brilliance
 v - 2 potions of mutation
 x - 5 potions of agility
 z - a potion of resistance
 X - a potion of cure mutation {unknown}
Books
 p - a book of Debilitation

   Spells                             Type                      Level
   a - Corona                         Hexes                        1
   b - Slow                           Hexes                        2
   c - Gell's Gravitas                Hexes/Translocation          3
   d - Inner Flame                    Hexes/Fire                   3
   e - Cause Fear                     Hexes                        4
   f - Leda's Liquefaction            Hexes/Earth                  4
 F - a book of Necromancy

   Spells                             Type                      Level
   a - Pain                           Necromancy                   1
   b - Animate Skeleton               Necromancy                   1
   c - Vampiric Draining              Necromancy                   3
   d - Regeneration                   Charms/Necromancy            3
   e - Animate Dead                   Necromancy                   4
   f - Control Undead                 Necromancy                   4
 S - a book of Cantrips

   Spells                             Type                      Level
   a - Confusing Touch                Hexes                        1
   b - Animate Skeleton               Necromancy                   1
   c - Summon Small Mammal            Summoning                    1
   d - Apportation                    Translocation                1
Comestibles
 c - 4 bread rations
 i - 12 fruits
 n - 3 meat rations
 K - 9 royal jellies
 T - a slice of pizza


   Skills:
 + Level 14.0 Fighting
 + Level 14.0 Axes
 - Level 10.5 Armour
 - Level 3.2 Dodging
 - Level 1.5 Stealth
 * Level 11.3(13.3) Shields


You had 11 spell levels left.
You didn't know any spells.

Dungeon Overview and Level Annotations

Branches:
Dungeon (13/15)            Temple (0/1) D:5            Lair (0/6) D:9
    Orc (1/2) D:11
 Vaults: D:13-14

Altars:
Ashenzari
Cheibriados
Fedhas
Gozag
Hepliaklqana
Makhleb
Nemelex Xobeh
Qazlal
Sif Muna
Uskayaw
Vehumet
Yredelemnul
Zin
The Shining One

Shops:
D:6 *   D:7 [

Annotations:
D:8 exclusion: orange crystal statue


Innate Abilities, Weirdness & Mutations

You reflexively headbutt those who attack you in melee.
You have a pair of horns on your head.


Message History

The tengu reaver hits you but does no damage.
The tengu reaver pecks you. You block the tengu reaver's attack.
You hit the tengu reaver.
The tengu reaver is moderately wounded.
You hit the tengu reaver but do no damage.
The tengu reaver is moderately wounded.
You block the tengu reaver's attack. x3
Your shield and chain mail prevent you from hitting the tengu reaver.
The tengu reaver is moderately wounded.
You block the tengu reaver's attack. x2; The tengu reaver claws you!
* * * LOW HITPOINT WARNING * * *
You are too injured to fight recklessly!
You are too injured to fight recklessly!
You are too injured to fight recklessly!
You fade into invisibility!
The tengu reaver gestures at you while chanting.
The bolt of lightning hits you!
* * * LOW HITPOINT WARNING * * *
The bolt of lightning hits you!
You die...

** ##...***, .#
,,,,.####..%# *∆
.# , ....F...#*
, .# *
,......))#*∆, .#
* * #..).##*
##.# # ,,*
*♣.....####..#
..,
♣..♣#.........#
...
♣$,*#.........#
....*
##)).###@..#
.....####...##
♣Q..#
*#..........#*
*♣#.#
*#..........# ..
*.#
#...###)...##♣♣
.# #...
♣.....####..#
.,,
*♣..♣#.........#
** ♣..
#.........# ##*
#♣♣##...###...#


You could see a tengu reaver and a battlesphere.

Vanquished Creatures
  A stone giant (Orc:1)
  A centaur warrior (D:13)
  2 tengu warriors (D:13)
  3 unseen horrors
  The ghost of dscm the Cleaver, a novice GrFi of Okawaru (D:7)
  7 hill giants
  Pikel (D:7)
  The ghost of Philosophy the Chopper, a novice HOFi of Okawaru (D:6)
  A deep elf mage (D:12)
  An ugly thing (D:12)
  A manticore (D:13)
  2 centaur zombies
  Joseph (D:8)
  3 centaur skeletons
  A kobold demonologist (D:11)
  2 trolls
  3 meliai (D:13)
  A two-headed ogre (Orc:1)
  3 slime creatures (D:12)
  A hippogriff (D:10)
  2 hungry ghosts
  2 mottled dragons
  A water moccasin (D:9)
  10 orc warriors
  3 slaves (D:7)
  6 ice beasts
  3 phantoms
  A necrophage (D:8)
  5 ogres
  A crocodile (D:7)
  13 centaurs
  2 big kobolds (D:11)
  5 bullfrogs
  A wyvern skeleton (D:6)
  A wyvern zombie (D:11)
  A scorpion (D:13)
  4 killer bees (D:11)
  4 wights (D:7)
  2 electric eels (D:11)
  9 howler monkeys
  9 crimson imps
  A quasit (D:7)
  3 bullfrog zombies
  8 jellies
  A bullfrog skeleton (D:5)
  5 hounds
  14 orc wizards
  12 orc priests
  Jessica (D:2)
  An iguana (D:9)
  10 worker ants
  A howler monkey zombie (D:11)
  8 adders
  3 gnolls (D:3)
  3 river rats (D:9)
  3 shadow imps
  7 oozes
  An adder zombie (D:8)
  3 worms
  2 dart slugs
  3 leopard geckos
  59 orcs
  A ball python (D:1)
  12 bats
  5 giant cockroaches
  15 hobgoblins
  3 jackals (D:2)
  8 kobolds
  4 quokkas
  4 frilled lizards
  8 goblins
  A leopard gecko skeleton (D:7)
  10 rats
  14 fungi (D:9)
  10 plants (D:9)
366 creatures vanquished.

Vanquished Creatures (others)
  A fungus (D:9)
1 creature vanquished.

Grand Total: 367 creatures vanquished

Notes
Turn   | Place    | Note
-------+----------+-------------------------------------------
     0 | D:1      | Ijustatesigmund the Minotaur Monk began the quest for the Orb.
     0 | D:1      | Reached XP level 1. HP: 19/19 MP: 0/0
    66 | D:1      | Reached XP level 2. HP: 26/27 MP: 1/1
   678 | D:1      | Reached XP level 3. HP: 21/34 MP: 2/2
  1230 | D:2      | Found a faded altar of an unknown god.
  1230 | D:2      | Found a hazy altar of Hepliaklqana.
  1242 | D:2      | Found a faded altar of an unknown god.
  1244 | D:2      | Found a faded altar of an unknown god.
  1246 | D:2      | Found a faded altar of an unknown god.
  1291 | D:2      | Noticed Jessica
  1301 | D:2      | Killed Jessica
  1301 | D:2      | Reached skill level 5 in Fighting
  1301 | D:2      | Reached XP level 4. HP: 35/42 MP: 3/3
  1438 | D:2      | Reached skill level 5 in Axes
  1839 | D:3      | Reached XP level 5. HP: 49/49 MP: 4/4
  2104 | D:3      | Reached skill level 1 in Armour
  2326 | D:4      | Found a stormy altar of Qazlal.
  2381 | D:4      | Noticed an ogre
  2389 | D:4      | Killed an ogre
  2389 | D:4      | Reached XP level 6. HP: 27/58 MP: 5/5
  2574 | D:4      | Found a burning altar of Makhleb.
  2574 | D:4      | Noticed a green death
  2577 | D:4      | Noticed a hellwing
  2577 | D:4      | Noticed an orange demon
  2865 | D:4      | Found a glowing silver altar of Zin.
  2873 | D:4      | Reached XP level 7. HP: 55/64 MP: 6/6
  3062 | D:5      | Entered Level 5 of the Dungeon
  3132 | D:5      | Found a shattered altar of Ashenzari.
  3278 | D:5      | Became a worshipper of Ashenzari the Shackled
  3278 | D:5      | Reached * piety under Ashenzari
  3278 | D:5      | Reached ** piety under Ashenzari
  3308 | D:5      | Found a staircase to the Ecumenical Temple.
  3328 | D:5      | Found a sparkling altar of Nemelex Xobeh.
  3468 | D:5      | Found a deep blue altar of Sif Muna.
  3508 | D:5      | Found a hide-covered altar of Uskayaw.
  3692 | D:5      | Found an opulent altar of Gozag.
  3879 | D:6      | Noticed Philosophy's ghost (novice HOFi)
  4098 | D:6      | Killed Philosophy's ghost
  4098 | D:6      | Reached skill level 5 in Armour
  4098 | D:6      | Reached XP level 8. HP: 74/74 MP: 7/7
  4271 | D:6      | Found Laeg's Assorted Antiques.
  4280 | D:6      | Bought a scroll labeled ILIHEG HIOGOFUNO for 30 gold pieces
  4280 | D:6      | Bought a lumpy emerald potion for 27 gold pieces
  4280 | D:6      | Bought a transparent brass ring for 150 gold pieces
  4280 | D:6      | Identified the ring "Puinie" {rPois rF+ rC+ Str+3 Dex+2} (You bought it in a shop on level 6 of the Dungeon)
  4612 | D:6      | Found a basalt altar of Yredelemnul.
  4614 | D:6      | Noticed a profane servitor
  4783 | D:6      | Found a glowing golden altar of the Shining One.
  4806 | D:6      | Reached XP level 9. HP: 44/83 MP: 8/8
  5100 | D:6      | Found a blossoming altar of Fedhas.
  5195 | D:7      | Noticed Pikel
  5207 | D:7      | Killed Pikel
  5207 | D:7      | Reached skill level 10 in Fighting
  5417 | D:7      | Noticed dscm's ghost (novice GrFi)
  5429 | D:7      | Killed dscm's ghost
  5429 | D:7      | Reached skill level 10 in Axes
  5665 | D:7      | Found Moitiga's Antique Armour Shoppe.
  5891 | D:8      | Reached XP level 10. HP: 92/94 MP: 9/9
  6130 | D:7      | Bought a pair of encrusted boots for 209 gold pieces
  6135 | D:7      | Identified the cursed -4 pair of boots of the Planets {-Cast rN+ Regen+} (You bought it in a shop on level 7 of the Dungeon)
  6210 | D:8      | Found a snail-covered altar of Cheibriados.
  6259 | D:8      | Noticed an orange crystal statue
  6313 | D:8      | Noticed Joseph
  6331 | D:8      | Killed Joseph
  6688 | D:8      | Found a blossoming altar of Fedhas.
  6699 | D:8      | Found an opulent altar of Gozag.
  7338 | D:9      | Found a staircase to the Lair.
  7382 | D:9      | Reached *** piety under Ashenzari
  7547 | D:9      | Noticed a hill giant
  7556 | D:9      | Killed a hill giant
  7556 | D:9      | Reached skill level 10 in Armour
  7630 | D:9      | Found a radiant altar of Vehumet.
  8102 | D:10     | Entered Level 10 of the Dungeon
  8399 | D:7      | Bought a runed large shield for 231 gold pieces
  8547 | D:10     | Noticed an unseen horror
  8550 | D:10     | Killed an unseen horror
  9171 | D:11     | Reached XP level 11. HP: 96/103 MP: 10/10
  9516 | D:11     | Noticed a hill giant
  9525 | D:11     | Killed a hill giant
  9533 | D:11     | Reached skill level 5 in Shields
 10145 | D:11     | Found a staircase to the Orcish Mines.
 10184 | Orc:1    | Entered Level 1 of the Orcish Mines
 10184 | Orc:1    | Noticed a stone giant
 10209 | Orc:1    | HP: 5/157 [stone giant (8)]
 10210 | Orc:1    | Killed a stone giant
 10539 | D:12     | Noticed a hill giant
 10554 | D:12     | Killed a hill giant
 10595 | D:12     | Noticed a hill giant
 10606 | D:12     | Killed a hill giant
 10733 | D:12     | Noticed a hill giant
 10739 | D:12     | Killed a hill giant
 10816 | D:12     | Reached **** piety under Ashenzari
 10838 | D:12     | Noticed a hill giant
 10845 | D:12     | Killed a hill giant
 10916 | D:12     | Noticed a deep elf mage
 10922 | D:12     | Killed a deep elf mage
 10953 | D:12     | Reached XP level 12. HP: 100/115 MP: 11/11
 11234 | D:12     | Noticed a four-headed hydra
 11300 | D:13     | Reached skill level 10 in Shields
 11532 | D:13     | Got the uncursed leather armour of Time Monsters {Int+2}
 11543 | D:13     | Identified the +3 leather armour of Time Monsters {Int+2} (You found it on level 13 of the Dungeon)
 11665 | D:13     | Noticed a centaur warrior
 11674 | D:13     | Killed a centaur warrior
 11676 | D:13     | Noticed a tengu warrior
 11680 | D:13     | Noticed a tengu warrior
 11687 | D:13     | Killed a tengu warrior
 11714 | D:13     | Killed a tengu warrior
 11778 | D:13     | Noticed a tengu reaver
 11795 | D:13     | Killed from afar by a tengu reaver

Skill      XL: |  1  2  3  4  5  6  7  8  9 10 11 12 |
---------------+-------------------------------------+-----
Fighting       | 4 5 6 8 9 10 12 13 14 | 14.0
Axes           | 4 5 6 8 9 10 12 13 14 | 14.0
Armour         | 2 3 5 7 9 10 | 10.5
Shields        | 3 9 11 | 11.3
Dodging        | |  3.2
Stealth        | |  1.5

Action                   |  1- 3 |  4- 6 |  7- 9 | 10-12 || total
-------------------------+-------+-------+-------+-------++-------
Melee: Hand axe          |    88 |   136 |       |       ||   224
       Headbutt          |    11 |    27 |    47 |   194 ||   279
       War axe           |       |    35 |   192 |   684 ||   911
Invok: Curse Item        |       |       |       |     3 ||     3
  Use: Scroll            |     6 |     6 |     5 |     9 ||    26
       Potion            |       |       |     1 |     7 ||     8
 Stab: Sleeping          |     2 |       |       |       ||     2
  Eat: Chunk             |     1 |     6 |     6 |    14 ||    27
       Fruit             |       |       |     3 |       ||     3
       Royal jelly       |       |       |       |     1 ||     1
       Pizza             |       |       |       |     1 ||     1
       Beef jerky        |       |       |       |     1 ||     1
       Meat ration       |       |       |       |     1 ||     1
Armor: Robe              |    10 |       |       |       ||    10
       Ring mail         |     5 |    17 |       |       ||    22
       Chain mail        |       |    84 |    85 |   233 ||   402
Dodge: Dodged            |    75 |    75 |    73 |   132 ||   355
Block: Large shield      |       |       |       |   414 ||   414
